Map: Alcyone LE

Players

YoloIt

  • Race: Terran Terran
  • League: Platinum
  • Spawn Location: 7:00

A.I. 1 (Very Easy) - Winner!

  • Race: Terran Terran
  • Spawn Location: 1:00

VOD

Have the link to the VOD?

Description

Time

  • Played on: Oct. 1, 2025, 12:43 p.m.
  • Length: 8:03
Show
View Real Time Build Order
Export as new Build Order

YoloIt Terran 

Build Orders: 1/1/1, Cyclone Opening 

Get SALT Encoding   

  6  0:00  SCV  
  13  0:12  SCV  
  14  0:16  Supply Depot  
  14  0:24  SCV  
  15  0:38  SCV  
  15  0:39  Barracks  
  16  0:43  Refinery  
  16  0:50  SCV  
  16  0:52  Refinery  
  17  1:02  SCV  
  18  1:14  SCV  
  19  1:26  Orbital Command  
  19  1:27  Reaper  
  19  1:28  Supply Depot  
  20  1:40  Factory  
  20  1:53  SCV  
  21  1:59  Barracks Reactor  
  21  2:05  SCV  
  22  2:17  SCV  
  22  2:20  Command Center  
  23  2:28  Starport  
  23  2:30  Factory Tech Lab  
  23  2:35  Supply Depot  
  23  2:39  SCV  
  23  2:41  Marine  
  23  2:42  Marine  
  26  2:51  SCV  
  27  2:55  Cyclone  
  30  3:05  Medivac  
  32  3:06  Marine  
  32  3:07  Marine  
  32  3:11  SCV  
  35  3:23  SCV  
  35  3:24  Marine  
  35  3:25  Marine  
  38  3:31  Siege Tank  
  41  3:40  Orbital Command  
  42  3:41  SCV  
  42  3:43  Viking  
  44  3:50  Marine x2  
  44  3:53  SCV  
  47  3:56  Supply Depot  
  47  4:03  Barracks  
  47  4:08  Siege Tank  
  50  4:12  SCV  
  50  4:14  SCV  
  52  4:19  Starport Tech Lab, Marine x2  
  52  4:24  SCV  
  55  4:29  Refinery, Engineering Bay  
  55  4:30  SCV  
  56  4:34  Supply Depot  
  56  4:37  SCV  
  57  4:40  Raven  
  59  4:46  Barracks  
  59  4:47  SCV  
  59  4:50  Factory Reactor  
  59  4:51  Marine  
  59  4:52  Marine  
  62  4:56  SCV  
  63  5:02  SCV  
  63  5:04  Stimpack, Marine  
  65  5:09  Marine, Supply Depot  
  65  5:10  Marine  
  65  5:12  SCV  
  68  5:22  Marine, Terran Infantry Weapons Level 1  
  68  5:27  Marine  
  70  5:31  SCV x2, Marine, Supply Depot, Factory Reactor  
  73  5:39  Supply Depot  
  73  5:41  Marine  
  73  5:42  Combat Shield, Marine  
  75  5:43  SCV x2  
  75  5:44  Marine  
  78  5:53  Marine, Supply Depot  
  78  5:55  SCV x2  
  81  5:59  Marine, Medivac x2  
  81  6:01  Marine  
  81  6:04  Marine  
  87  6:09  SCV  
  87  6:11  Marine  
  90  6:15  Supply Depot  
  90  6:18  Marauder  
  92  6:19  Marauder  
  92  6:20  Supply Depot  
  92  6:22  Marine  
  92  6:23  Widow Mine x2  
  99  6:28  Marine  
  99  6:31  Refinery  
  100  6:39  Marauder  
  102  6:40  Marauder, Medivac  
  102  6:41  Marine, Medivac  
  102  6:46  Marine  
  110  6:55  Supply Depot  
  110  6:57  Supply Depot  
  110  6:59  Marine  
  110  7:00  Supply Depot, Marauder  
  110  7:01  Supply Depot  
  113  7:02  Marauder  
  113  7:04  Marine  
  116  7:09  Barracks  
  116  7:11  Barracks  
  116  7:17  Widow Mine x2, Marine  
  116  7:22  Marine  
  122  7:26  SCV  
  122  7:27  SCV  
  124  7:38  SCV, Widow Mine  
  124  7:39  Widow Mine  
  124  7:41  Command Center  
  124  7:42  SCV  
Show
View Real Time Build Order
Export as new Build Order

A.I. 1 (Very Easy) Terran - Winner!

Build Orders:  

Get SALT Encoding   

  6  0:00  SCV  
  13  0:13  SCV  
  14  0:19  Supply Depot  
  14  0:36  Refinery  
  14  0:43  Barracks  
  14  1:04  Supply Depot  
  14  1:12  Refinery  
  14  1:29  Marine  
  14  1:30  Orbital Command  
  15  1:56  SCV  
  16  2:03  Marine  
  16  2:08  SCV  
  18  2:20  SCV  
  19  2:32  SCV  
  19  2:37  Marine  
  21  2:44  SCV  
  22  2:56  SCV  
  23  4:17  Marine  
  23  4:21  Supply Depot  
  23  4:22  SCV  
  15  4:34  SCV  
  7  4:45  Marine  
  7  4:46  SCV  
  8  4:58  SCV  
  3  5:10  SCV  
  2  5:22  SCV  
  2  5:29  Supply Depot  
  2  5:34  SCV  
  2  5:47  SCV  
  2  5:59  SCV  
  2  6:11  SCV  
Tags
 
League
Platinum
Matchup
TvT
Race
Terran
Spawn Locations
Cross Positions
Add a new tag
Caveats
  • Supply blocks, unpowered buildings, or Contaminate may cause inaccurate times.
  • Supply counts are checked every 10 seconds.